 Dungeon Crawl Stone Soup version 0.22.0-21-g8bd1b0a (webtiles) character file.

885 riellis the Chopper (level 8, 0/58 HPs)
             Began as a Formicid Fighter on Aug 19, 2018.
             Slain by a sun demon (14 damage)
             ... summoned by Xom
             ... on level 5 of the Dungeon.
             The game lasted 00:10:13 (5120 turns).

riellis the Chopper (Formicid Fighter)              Turns: 5120, Time: 00:10:13

Health: 0/58       AC:  3    Str: 22      XL:     8   Next: 26%
Magic:  8/8        EV:  9    Int:  5 (7)  God:
Gold:   264        SH: 16    Dex:  8      Spells: 7/7 levels left

rFire    . . .     SeeInvis +   a - +0 war axe
rCold    . . .     Gourm    .   c - +1 shield
rNeg     . . .     Faith    .   b - +0 scale mail
rPois    .         Spirit   .   (helmet unavailable)
rElec    .         Reflect  +   (no cloak)
rCorr    +         Harm     .   (no gloves)
MR       .....                  (no boots)
Stlth    ..........             q - +5 amulet of reflection
HPRegen  0.19/turn              l - ring of resist corrosion
MPRegen  0.11/turn              (no ring)

@: lethally poisoned (0 -> -1)
A: permanent stasis, dig shafts and tunnels, four strong arms, antennae 3,
clumsy 1, deformed body, deterioration 1, dopey 1
a: Dig, Shaft Self


You were on level 5 of the Dungeon.
You were not hungry.

You visited 1 branch of the dungeon, and saw 5 of its levels.

You collected 264 gold pieces.

Inventory:

Hand Weapons
 a - a +0 war axe (weapon)
 e - a +4 hunting sling
 o - a +3 whip
Missiles
 d - 7 javelins (quivered)
 p - 63 sling bullets
Armour
 b - a +0 scale mail (worn)
 c - a +1 shield (worn)
Jewellery
 l - a ring of resist corrosion (left hand)
 q - a +5 amulet of reflection (around neck)
Wands
 i - a wand of flame (20)
 s - a wand of disintegration (11)
Scrolls
 g - a scroll of teleportation
 h - 5 scrolls of remove curse
 k - 2 scrolls of identify
 m - 2 scrolls of enchant armour
Comestibles
 f - 11 rations
 j - a chunk of flesh


   Skills:
 - Level 3.2 Fighting
 * Level 7.5 Axes
 - Level 3.2 Armour
 + Level 7.1 Shields


You had 7 spell levels left.
You didn't know any spells.
Your spell library was empty.

Dungeon Overview and Level Annotations

Branches:
Dungeon (5/15)
 Temple: D:4-7

Altars:
Elyvilon
Xom

Annotations:
D:4 1 runed door


Innate Abilities, Weirdness & Mutations

You cannot be hasted, slowed, berserked, paralysed or teleported.
You can dig through walls and to a lower floor.
Your four strong arms can wield two-handed weapons with a shield.
You have a pair of large antennae on your head. (SInv)
You are clumsy. (Dex -2)
Armour fits poorly on your strangely shaped body.
Your body sometimes deteriorates upon taking damage.
You are dopey. (Int -2)


Message History

You feel dopey. Something feeds on your intellect!
You slash the giant cockroach!
You kill the giant cockroach!
You hit the soul eater but do no damage.
You hit the iron imp but do no damage. You closely miss the quasit.
You hit the sun demon. You barely miss the howler monkey.
You barely miss the adder. The quasit bites you. You block the quasit's attack.
The quasit claws you but does no damage.
You block the howler monkey's attack. You block the sun demon's attack.
The adder bites you.
The crimson imp grinds its teeth.
You block the soul eater's attack. The quasit completely misses you.
The quasit claws you but does no damage.
The quasit claws you. The howler monkey barely misses you.
The neqoxec gestures.
The sun demon hits you!
* * * LOW HITPOINT WARNING * * *
You are engulfed in flames!
You die...

.............#........
...###.......#......
...#.#.......... .#
#.###........ ..
#........ #
#.###5....... ...
#5#.3.......#
#...#5#35.5.....#
#...45@h55##....#
#...535S5.......#
#.....45.........
#................
#................
#..............
#..............
####....#...#.


You could see a soul eater, a sun demon, a hellwing, a neqoxec, a chaos spawn, a
howler monkey, 3 iron imps, 2 quasits, 2 crimson imps, an adder, 4 white imps
and an ufetubus.

Vanquished Creatures
  2 centaurs
  An ogre (D:4)
  2 scorpions (D:5)
  2 crimson imps
  2 orc priests
  2 hounds (D:4)
  An iguana (D:5)
  A worker ant (D:4)
  4 orc wizards
  6 gnolls
  5 adders
  A shadow imp (D:2)
  An ooze (D:1)
  An adder skeleton (D:4)
  2 dart slugs
  A leopard gecko (D:2)
  8 orcs
  A ball python (D:3)
  2 giant cockroaches
  10 goblins
  8 hobgoblins
  6 jackals
  3 quokkas
  A ball python skeleton (D:4)
  6 bats
  3 frilled lizards
  A jackal skeleton (D:4)
  8 kobolds
  A leopard gecko skeleton (D:4)
  A quokka skeleton (D:4)
  5 rats (D:1)
98 creatures vanquished.

Notes
Turn   | Place    | Note
-------+----------+-------------------------------------------
     0 | D:1      | riellis the Formicid Fighter began the quest for the Orb.
     0 | D:1      | Reached XP level 1. HP: 18/18 MP: 1/1
   190 | D:1      | Reached XP level 2. HP: 24/24 MP: 2/2
   433 | D:1      | Reached XP level 3. HP: 29/29 MP: 3/3
  1276 | D:2      | Found a faded altar of an unknown god.
  1278 | D:2      | Became a worshipper of Xom the Psychotic
  1279 | D:2      | Fell from the grace of Xom
  1445 | D:2      | Reached XP level 4. HP: 34/35 MP: 4/4
  1537 | D:2      | Noticed a centaur
  1552 | D:2      | Killed a centaur
  1552 | D:2      | Reached XP level 5. HP: 27/41 MP: 5/5
  1659 | D:2      | XOM: mild Pois miscast
  1927 | D:3      | Reached skill level 5 in Shields
  2140 | D:3      | Reached XP level 6. HP: 30/47 MP: 6/6
  2257 | D:3      | XOM: medium Tmut miscast
  2293 | D:3      | Reached skill level 5 in Axes
  2378 | D:3      | XOM: noise
  2499 | D:3      | XOM: give mutations
  2499 | D:3      | Gained mutation: You are dopey. (Int -2) [Xom's mischief]
  2499 | D:3      | Gained mutation: Armour fits poorly on your strangely shaped body. [Xom's mischief]
  2499 | D:3      | Gained mutation: Your body sometimes deteriorates upon taking damage. [Xom's mischief]
  2499 | D:3      | Gained mutation: You are clumsy. (Dex -2) [Xom's mischief]
  2536 | D:3      | XOM: medium Hex miscast
  3267 | D:4      | Noticed an ogre
  3280 | D:4      | Killed an ogre
  3280 | D:4      | Reached XP level 7. HP: 26/52 MP: 7/7
  3770 | D:4      | Found a white marble altar of Elyvilon.
  3770 | D:4      | Found a runed door.
  3770 | D:4      | Noticed an angel
  4814 | D:5      | Entered Level 5 of the Dungeon
  4903 | D:5      | Reached XP level 8. HP: 6/58 MP: 8/8
  4963 | D:5      | XOM: god gift: 51 gold pieces
  5045 | D:5      | XOM: medium Chrm miscast
  5116 | D:5      | XOM: summons 14 hostile demons
  5117 | D:5      | Noticed a hellwing
  5117 | D:5      | Noticed a soul eater
  5117 | D:5      | Noticed a sun demon
  5120 | D:5      | Slain by a sun demon

Skill      XL: |  1  2  3  4  5  6  7  8 |
---------------+-------------------------+-----
Shields        | 4 5 6 7 |  7.1
Axes           | 3 4 5 7 |  7.5
Fighting       | |  3.2
Armour         | |  3.2

Action                   |  1- 3 |  4- 6 |  7- 9 || total
-------------------------+-------+-------+-------++-------
Melee: War axe           |    78 |   124 |   146 ||   348
Invok: Renounce Religion |     1 |       |       ||     1
 Abil: Dig               |       |     3 |     3 ||     6
Evoke: Wand              |       |     2 |       ||     2
  Use: Potion            |       |    11 |     1 ||    12
       Scroll            |       |       |     6 ||     6
  Eat: Chunk             |     2 |     6 |     6 ||    14
Armor: Scale mail        |    37 |    50 |    21 ||   108
Dodge: Dodged            |    23 |    46 |    41 ||   110
Block: Shield            |    33 |    77 |   105 ||   215
